 Dungeon Crawl Stone Soup version 0.31-a0-971-g75a2e9a4b4 (webtiles) character file.

Game seed: 11988932637503854849

117803 Arzdou the Marksspriggan (level 16, -2/87 HPs)
             Began as a Spriggan Brigand on Oct 28, 2023.
             Was a High Priest of Nemelex Xobeh.
             Killed by angry trees
             ... awakened by a spriggan druid
              (15 damage)
             ... on level 2 of the Swamp.
             The game lasted 01:13:13 (23114 turns).

Arzdou the Marksspriggan (Spriggan Brigand)        Turns: 23114, Time: 01:13:14

Health: -2/87      AC: 14    Str:  9    XL:     16   Next: 24%
Magic:  23/23      EV: 19    Int: 13    God:    Nemelex Xobeh [*****.]
Gold:   1502       SH:  0    Dex: 28    Spells: 15/15 levels left

rFire   + + .        a - +8 pair of quick blades "Gyre" and "Gimble" {protect}
rCold   . . .        (shield currently unavailable)
rNeg    + . .        q - +0 fire dragon scales of the Original Sin {-Cast rF++ rC- rCorr Dex+6}
rPois   +            M - +2 hat {Will+}
rElec   .            c - +0 cloak
rCorr   +            (gloves unavailable)
SInv    +            (boots unavailable)
Will    +++..        F - amulet of regeneration
Stlth   ++++         Q - ring of poison resistance
HPRegen 1.14/turn    u - ring "Barieka" {rC+ rN+ SInv}
MPRegen 0.18/turn

%: no spellcasting
@: about to teleport, very quick
A: very small, no large weapons, unfitting armour, see invisible, speed 3
a: Renounce Religion, Draw Escape, Draw Destruction, Draw Summoning, Draw Stack,
Triple Draw, Deal Four, Stack Five


You were on level 2 of the Swamp.
You worshipped Nemelex Xobeh.
Nemelex Xobeh was extremely pleased with you.
You visited 6 branches of the dungeon, and saw 26 of its levels.
You also visited: Bailey.

You collected 2483 gold pieces.
You spent 981 gold pieces at shops.

Inventory:

Hand Weapons
 a - the +8 pair of quick blades "Gyre" and "Gimble" (weapon) {protect}
   (You took it off a deep elf pyromancer on level 9 of the Dungeon)
 b - a +4 hand cannon of electrocution
Missiles
 e - 4 curare-tipped darts
 v - 7 throwing nets
Armour
 c - a +0 cloak (worn)
 q - the +0 fire dragon scales of the Original Sin (worn) {-Cast rF++ rC- rCorr Dex+6}
   (You found it in a bailey)

   Dex+6:     It affects your dexterity (+6).
   rF++:      It greatly protects you from fire.
   rC-:       It makes you vulnerable to cold.
   -Cast:     It prevents spellcasting.
   rCorr:     It protects you from acid and corrosion.
 I - a +0 troll leather armour
 M - a +2 hat of willpower (worn)
Jewellery
 k - an amulet of reflection
 o - a +6 ring of dexterity
 u - the ring "Barieka" (right hand) {rC+ rN+ SInv}
   (You took it off an orc wizard on level 9 of the Dungeon)

   [ring of see invisible]

   rC+:       It protects you from cold.
   rN+:       It protects you from negative energy.
   SInv:      It lets you see invisible.
 x - a ring of flight
 F - an amulet of regeneration (around neck)
 H - a ring of protection from cold
 Q - a ring of poison resistance (left hand)
Talismans
 V - a granite talisman
Wands
 t - a wand of paralysis (6)
 B - a wand of roots (21)
 E - a wand of acid (10)
 P - a wand of polymorph (7)
 S - a wand of digging (8)
 T - a wand of mindburst (7)
 Z - a wand of flame (5)
Scrolls
 d - 2 scrolls of poison
 f - a scroll of fog
 i - 2 scrolls of amnesia
 r - 5 scrolls of teleportation
 s - a scroll of identify
 w - 2 scrolls of revelation
 A - 2 scrolls of blinking
 D - 2 scrolls of brand weapon
 U - a scroll of fear
Potions
 g - 5 potions of haste
 h - a potion of heal wounds
 j - 11 potions of curing
 l - 5 potions of invisibility
 m - a potion of magic
 n - 7 potions of might
 p - 5 potions of lignification
 z - 4 potions of berserk rage
 C - 2 potions of cancellation
 G - 2 potions of mutation
 L - 2 potions of brilliance
 O - a potion of enlightenment
 X - a potion of ambrosia
Miscellaneous
 y - a condenser vane
 R - a lightning rod (4/4)


   Skills:
 - Level 11.1 Fighting
 - Level 11.9 Short Blades
 - Level 15.1 Ranged Weapons
 - Level 3.0 Throwing
 - Level 9.0 Armour
 - Level 10.0 Dodging
 - Level 12.0 Stealth
 - Level 8.1 Invocations
 * Level 12.1 Shapeshifting


You had 15 spell levels left.
You didn't know any spells.
Your spell library contained the following spells:

 Spells                   Type           Power      Damage    Failure   Level
 Freeze                   Ice            0%         1d3       94%         1
 Magic Dart               Conj           0%         1d3       94%         1
 Slow                     Hex            0%         N/A       94%         1
 Call Imp                 Summ           0%         N/A       98%         2
 Sublimation of Blood     Necr           0%         N/A       98%         2
 Wereblood                Tmut           0%         N/A       98%         2
 Confusing Touch          Hex            0%         N/A       100%        3
 Frozen Ramparts          Ice            0%         1d1       100%        3
 Hailstorm                Conj/Ice       0%         3d3       100%        3
 Ignite Poison            Fire/Tmut/Pois 0%         N/A       100%        3
 Mephitic Cloud           Conj/Pois/Air  0%         N/A       100%        3
 Sigil of Binding         Hex            0%         N/A       100%        3
 Vampiric Draining        Necr           0%         2d6       100%        3
 Animate Armour           Summ/Erth      0%         N/A       100%        4
 Animate Dead             Necr           0%         N/A       100%        4
 Manifold Assault         Tloc           0%         N/A       100%        4
 Petrify                  Tmut/Erth      0%         N/A       100%        4
 Sticky Flame             Conj/Fire      0%         2d3       100%        4
 Summon Lightning Spire   Summ/Air       0%         N/A       100%        4
 Irradiate                Conj/Tmut      0%         3d11      100%        5
 Lee's Rapid Deconstruct  Erth           0%         3d4*      100%        5
 Dispersal                Tloc           0%         N/A       100%        6
 Simulacrum               Ice/Necr       0%         N/A       100%        6
 Haunt                    Necr/Summ      0%         N/A       100%        7
 Ozocubu's Refrigeration  Ice            0%         4d7       100%        7
 Summon Hydra             Summ           0%         N/A       100%        7
 Disjunction              Tloc           0%         N/A       100%        8
 Ignition                 Fire           0%         3d3       100%        8
 Infestation              Necr           0%         N/A       100%        8
 Polar Vortex             Ice            0%         N/A       100%        9


Dungeon Overview and Level Annotations

Branches:
Dungeon (15/15)            Temple (1/1) D:4            Lair (5/5) D:9
  Swamp (2/4) Lair:3       Spider (0/4) Lair:2        Slime (1/5) Lair:4
    Orc (2/2) D:11            Elf (0/3) Orc:2        Depths (0/4) D:15
 Bailey (visited)
 Vaults: D:13-14

Altars:
Ashenzari
Cheibriados
Dithmenos
Elyvilon
Fedhas
Hepliaklqana
Kikubaaqudgha
Makhleb
Nemelex Xobeh
Okawaru
Qazlal
Ru
Sif Muna
Trog
Uskayaw
Vehumet
Wu Jian
Xom
Yredelemnul
Zin
The Shining One
Jiyva

Shops:
D:4 (   Orc:1 =   Orc:2 [[(*:

Annotations:
D:3 1 runed translucent door, Crazy Yiuf
D:10 3 runed translucent doors, Nico3ck's ghost, journeyman MiBe
Swamp:1 3 runed translucent doors, baljet's ghost, adept TrSh
Orc:1 3 runed translucent doors, Loemel's ghost, journeyman MfGl


Innate Abilities, Weirdness & Mutations

You are very small and have problems with some larger weapons.
You are too small for most types of armour.
You have supernaturally acute eyesight. (SInv)
You cover ground extremely quickly. (Speed+++)


Message History

The vampire mosquito is severely damaged.
The vampire mosquito misses you.
The spriggan rider hits you from afar with a +1 spear of flaming!!
The spriggan rider burns you. The vampire mosquito bites you!
The vampire mosquito draws strength from your injuries!
You hit the vampire mosquito. x3
You destroy the vampire mosquito!
The spriggan rider hits you from afar with a +1 spear of flaming!
A vampire mosquito comes into view.
The vampire mosquito buzzes angrily.
You puncture the vampire mosquito! You barely miss the vampire mosquito.
You hit the vampire mosquito. You barely miss the vampire mosquito.
The vampire mosquito is heavily damaged.
The vampire mosquito completely misses you.
The spriggan rider hits you from afar with a +1 spear of flaming!
The spriggan rider burns you.
You hit the vampire mosquito. x3
You hit the vampire mosquito but do no damage.
The vampire mosquito is almost destroyed.
The vampire mosquito completely misses you.
You puncture the vampire mosquito!
You destroy the vampire mosquito!
The spriggan rider hits you from afar with a +1 spear of flaming!!
* * * LOW HITPOINT WARNING * * *
The spriggan druid mumbles some strange words.
The forest starts to sway and rumble!
A root smacks you from below!
* * * LOW HITPOINT WARNING * * *
You feel much better.
You are hit by a branch!
As you read the scroll of teleportation, it crumbles to dust.
You feel strangely unstable.
You are waved at by a branch.
The spriggan rider hits you from afar with a +1 spear of flaming!
* * * LOW HITPOINT WARNING * * *
The spriggan rider burns you.
* * * LOW HITPOINT WARNING * * *
The spriggan druid gestures at you while chanting.
The stone arrow misses you. A tree reaches out and hits you!
You die...
Your body glows with a rainbow of weird colours and disappears.

~~.~~ ♣♣.......♣♣ ♣♣♣ ♣♣.~♣
≈.~~.♣ ♣..~§...~♣ ♣~♣♣♣♣§♣♣
≈♣~~~.♣♣♣♣♣..~~~..~♣♣♣..~....~
≈≈≈i..~)..♣~.~~~~~.~♣.~~..~~~~
♣i.†)...♣~~.....~~~.~...~
♣†♣♣♣♣♣......♣~.§~.♣♣♣♣♣~
♣.R..i♣♣♣♣♣♣......♣~~.~~.
♣.≈...i....♣♣♣♣♣♣........
♣.♣♣♣♣♣≈@......≈♣♣♣♣♣...~ ♣..
♣♣♣♣♣♣.... ...~ ♣.≈ ♣♣ ~..
♣.♣♣ .~ ♣.. .♣ ♣.≈


You could see an eleionoma, a spriggan rider and a spriggan druid.

Vanquished Creatures
  Gastronok (Lair:1)
  Kirke (D:12)
  A thorn hunter (Swamp:2)
  Roxanne (D:14)
  An orc warlord (Orc:2)
  3 eleionomae (Swamp:1)
  Josephine (D:10)
  A rakshasa (D:15)
  6 alligators
  8 hydras
  2 ogre magi (D:15)
  5 death yaks (Lair:5)
  A centaur warrior (D:14)
  3 boulder beetles
  8 two-headed ogres
  Erica (D:8)
  A tengu warrior (D:12)
  A vampire mage (D:15)
  A deep elf knight (D:14)
  Urug (Lair:5)
  2 orc high priests
  3 spriggans
  2 skysharks
  Amaemon (D:11)
  3 goliath frogs
  4 spriggan druids
  3 swamp dragons (Swamp:1)
  Pikel (D:6)
  3 orc knights
  2 lindwurms
  7 deep elf pyromancers
  7 orc sorcerers
  An arcanist (D:14)
  4 cyclopes
  3 will-o-the-wisps
  A wolf spider (D:15)
  4 manticores
  An ugly thing (D:12)
  A salamander (D:15)
  9 elephants
  7 black mambas
  A water nymph (D:15)
  2 gargoyles
  Jeremiah (D:6)
  An orange demon (D:11)
  2 kobold demonologists
  3 rime drakes
  12 cane toads
  13 komodo dragons
  2 yaktaurs
  An unseen horror (D:12)
  A tengu conjurer (D:13)
  A meliai (Lair:2)
  A bloated husk (Swamp:1)
  8 trolls
  4 tyrant leeches
  A hornet (shapeshifter) (D:14)
  14 polar bears
  11 hornets
  4 raiju (Lair:5)
  34 blink frogs
  14 dream sheep
  6 slime creatures
  A slime creature (shapeshifter) (D:15)
  2 shadows
  3 vampires
  33 yaks
  8 wyverns
  6 basilisks
  2 hogs (D:12)
  7 wraiths
  A basilisk (shapeshifter) (D:14)
  A human (shapeshifter) (D:9)
  4 vampire mosquitoes
  A redback (shapeshifter) (D:15)
  3 steam dragons
  10 wargs
  Menkaure (D:5)
  Edmund (D:5)
  10 swamp worms
  11 hell hounds (Lair:5)
  19 water moccasins
  14 black bears
  A meliai simulacrum (D:14)
  5 swamp drakes
  11 ogres
  36 orc warriors
  An ice beast (D:7)
  A sky beast (D:8)
  17 centaurs
  29 wolves
  A phantom (D:5)
  3 kobold brigands
  10 bullfrogs
  5 gnoll sergeants
  3 scorpions
  5 wights (D:8)
  12 killer bees
  5 electric eels (D:10)
  4 jellies (Lair:4)
  24 orc priests
  11 hounds
  5 gnoll boudas (D:6)
  A sleepcap (D:6)
  Ijyb (D:4)
  5 iguanas
  20 orc wizards
  33 gnolls
  9 adders
  A shadow imp (D:5)
  3 white imps
  2 ufetubi (D:6)
  A dart slug (D:1)
  74 orcs
  6 ball pythons
  6 endoplasms
  2 giant cockroaches
  15 goblins
  4 hobgoblins
  18 jackals
  6 quokkas
  3 training dummies (D:4)
  9 bats
  A frilled lizard (D:2)
  12 kobolds
  5 rats
818 creatures vanquished.

Vanquished Creatures (collateral kills)
  2 gnolls (D:6)
  A white imp (D:6)
  A jackal (D:6)
4 creatures vanquished.

Vanquished Creatures (others)
  2 bloated husks (Swamp:1)
  8 foxfires
10 creatures vanquished.

Grand Total: 832 creatures vanquished

Notes
Turn   | Place    | Note
-------+----------+-------------------------------------------
     0 | D:1      | Arzdou the Spriggan Brigand began the quest for the Orb.
     0 | D:1      | Reached XP level 1. HP: 10/10 MP: 2/2
   175 | D:1      | Reached XP level 2. HP: 15/15 MP: 3/3
   780 | D:2      | Reached XP level 3. HP: 18/18 MP: 4/4
  1242 | D:2      | Found a faded altar of an unknown god.
  1362 | D:2      | Reached XP level 4. HP: 23/23 MP: 5/5
  2389 | D:3      | Reached XP level 5. HP: 24/27 MP: 6/6
  2483 | D:3      | Found a runed translucent door.
  2484 | D:3      | Noticed Crazy Yiuf
  2636 | D:4      | Found Alykhiri's Firing Range.
  2640 | D:4      | Bought a +0 hand cannon of electrocution for 149 gold
                  | pieces
  2757 | D:4      | Found a staircase to the Ecumenical Temple.
  2770 | Temple   | Entered the Ecumenical Temple
  2827 | D:4      | Reached skill level 1 in Ranged Weapons
  2884 | D:4      | Found a hazy altar of Hepliaklqana.
  3024 | D:4      | Reached skill level 2 in Ranged Weapons
  3024 | D:4      | Reached XP level 6. HP: 32/32 MP: 7/7
  3169 | D:4      | Noticed Ijyb
  3185 | D:4      | Killed Ijyb
  3186 | D:4      | Reached skill level 3 in Ranged Weapons
  3388 | D:4      | Found a sacrificial altar of Ru.
  3629 | D:5      | Entered Level 5 of the Dungeon
  3703 | D:5      | Reached skill level 4 in Ranged Weapons
  3751 | D:5      | Reached XP level 7. HP: 34/35 MP: 8/8
  4054 | D:5      | Reached skill level 5 in Ranged Weapons
  4068 | D:5      | Noticed Menkaure
  4070 | D:5      | Killed Menkaure
  4071 | D:5      | Reached skill level 6 in Ranged Weapons
  4125 | D:5      | Noticed Edmund
  4139 | D:5      | Killed Edmund
  4271 | D:5      | Reached skill level 7 in Ranged Weapons
  4509 | D:6      | Reached XP level 8. HP: 39/39 MP: 9/9
  4509 | D:6      | Noticed Jeremiah
  4513 | D:6      | Killed Jeremiah
  4514 | D:6      | Reached skill level 8 in Ranged Weapons
  4651 | D:6      | Reached skill level 9 in Ranged Weapons
  4836 | D:6      | Reached skill level 10 in Ranged Weapons
  4867 | D:6      | Reached XP level 9. HP: 38/43 MP: 10/10
  4867 | D:6      | Noticed Pikel
  4902 | D:6      | Killed Pikel
  5356 | D:6      | Found a burning altar of Makhleb.
  5434 | D:6      | Found an ancient bone altar of Kikubaaqudgha.
  5637 | D:7      | Reached skill level 10 in Dodging
  5824 | D:7      | Found a shimmering blue altar of Sif Muna.
  6093 | D:7      | Found a stormy altar of Qazlal.
  6097 | D:7      | Found a shimmering blue altar of Sif Muna.
  6245 | D:7      | Found a bloodstained altar of Trog.
  6722 | D:8      | Reached skill level 10 in Stealth
  6838 | D:8      | Reached XP level 10. HP: 44/47 MP: 11/11
  7054 | D:8      | Noticed Erica
  7078 | D:8      | Killed Erica
  7079 | D:8      | Reached skill level 11 in Ranged Weapons
  7400 | D:8      | Reached skill level 12 in Ranged Weapons
  7538 | D:9      | Found a staircase to the Lair.
  7691 | D:9      | Reached XP level 11. HP: 39/51 MP: 12/12
  7709 | D:9      | Reached skill level 13 in Ranged Weapons
  7898 | D:9      | Identified the +4 spear "Genima" {flame, rPois Dex+3}
  7898 | D:9      | Identified the ring "Barieka" {rC+ rN+ SInv}
  7909 | D:9      | Noticed a deep elf pyromancer
  7913 | D:9      | Noticed a five-headed hydra
  7950 | D:9      | Killed a five-headed hydra
  7966 | D:9      | Identified the +5 ring mail of Kothobb {Int+4}
  7969 | D:9      | Killed a deep elf pyromancer
  8009 | D:9      | Noticed a deep elf pyromancer
  8156 | D:9      | Killed a deep elf pyromancer
  8157 | D:9      | Reached skill level 14 in Ranged Weapons
  8398 | D:9      | Reached skill level 5 in Short Blades
  8618 | Lair:1   | Entered Level 1 of the Lair of Beasts
  8631 | D:10     | Entered Level 10 of the Dungeon
  8638 | D:10     | Noticed a deep elf pyromancer
  8641 | D:10     | Killed a deep elf pyromancer
  8809 | D:10     | Found a flagged portal.
  8820 | Bailey   | Entered a bailey
  8886 | Bailey   | Noticed an orc knight
  9137 | Bailey   | Identified the +0 fire dragon scales of the Original Sin
                  | {-Cast rF++ rC- rCorr Dex+6}
  9334 | Bailey   | Killed an orc knight
  9452 | D:10     | Found a glowing silver altar of Zin.
  9514 | D:10     | Noticed Josephine
  9516 | D:10     | Noticed a two-headed ogre
  9521 | D:10     | Killed Josephine
  9554 | D:10     | Killed a two-headed ogre
  9655 | D:10     | Found a runed translucent gate.
  9656 | D:10     | Found a runed translucent gate.
  9657 | D:10     | Found a runed translucent gate.
  9658 | D:10     | Noticed Nico3ck's ghost (journeyman MiBe)
  9666 | D:10     | Identified the +1 pair of boots "Ytoifat" {Dex+2}
  9702 | D:10     | Reached XP level 12. HP: 40/56 MP: 13/13
 10022 | D:11     | Reached skill level 10 in Short Blades
 10391 | D:11     | Noticed Amaemon
 10394 | D:11     | Killed Amaemon
 10458 | D:11     | Noticed a two-headed ogre
 10460 | D:11     | Killed a two-headed ogre
 10640 | D:11     | Reached skill level 5 in Fighting
 10979 | D:11     | Found a staircase to the Orcish Mines.
 11394 | Temple   | Became a worshipper of Nemelex Xobeh the Trickster
 12234 | Lair:1   | Noticed Gastronok
 12247 | Lair:1   | Killed Gastronok
 12549 | Lair:2   | Reached * piety under Nemelex Xobeh
 12552 | Lair:2   | You fall into a shaft and drop 2 floors!
 12552 | Lair:4   | Found a staircase to the Slime Pits.
 12553 | Lair:4   | Found a viscous altar of Jiyva.
 12685 | Lair:4   | Reached XP level 13. HP: 70/70 MP: 14/14
 12716 | Lair:4   | Received a gift from Nemelex Xobeh
 12952 | Lair:4   | Reached skill level 10 in Fighting
 13491 | Lair:3   | Reached skill level 1 in Invocations
 13557 | Lair:3   | Reached ** piety under Nemelex Xobeh
 13557 | Lair:3   | Received a gift from Nemelex Xobeh
 13724 | Lair:3   | Reached skill level 5 in Invocations
 14519 | Lair:2   | Reached XP level 14. HP: 79/79 MP: 20/20
 14626 | Lair:2   | Found a hole to the Spider Nest.
 14641 | Lair:2   | Reached skill level 1 in Armour
 14655 | Lair:2   | Reached *** piety under Nemelex Xobeh
 14655 | Lair:2   | Received a gift from Nemelex Xobeh
 15527 | Lair:3   | Found a staircase to the Swamp.
 15654 | Vaults:3 | Identified the of Cyilegiw
 15654 | Crypt:3  | Identified the "Onaaf Urghoec"
 15654 | Elf:3    | Identified the of Rodiorr
 15654 | Elf:3    | Identified the of Koih Huy
 15654 | Elf:3    | Identified the "Coipsoq"
 15654 | Elf:3    | Identified the of Sutrostri
 15654 | Slime:1  | Entered Level 1 of the Pits of Slime
 15678 | Lair:5   | Entered Level 5 of the Lair of Beasts
 15746 | Lair:5   | Noticed Urug
 15914 | Lair:5   | Killed Urug
 15966 | Lair:5   | Reached skill level 5 in Armour
 16461 | Lair:5   | Received a gift from Nemelex Xobeh
 16498 | Lair:5   | Reached **** piety under Nemelex Xobeh
 17220 | Orc:1    | Entered Level 1 of the Orcish Mines
 17220 | Orc:1    | Found a runed translucent gate.
 17220 | Orc:1    | Found a runed translucent gate.
 17221 | Orc:1    | Noticed an orc warlord
 17222 | Orc:1    | Found a runed translucent gate.
 17226 | Orc:1    | Noticed Loemel's ghost (journeyman MfGl)
 17405 | Orc:1    | Identified the +3 war axe "Zurun" {drain, Dex+4}
 17894 | Orc:1    | Found Pufefado's Jewellery Shoppe.
 18066 | Orc:2    | Entered Level 2 of the Orcish Mines
 18126 | Orc:2    | Found Ribre's Antique Weapon Boutique.
 18252 | Orc:2    | Found Addeve's Antique Armour Emporium.
 18294 | Orc:2    | Noticed an orc warlord
 18325 | Orc:1    | Reached XP level 15. HP: 33/82 MP: 22/22
 18517 | Orc:2    | Found Hugux's Antique Armour Boutique.
 18529 | Orc:2    | Found a staircase to the Elven Halls.
 18634 | Orc:2    | Received a gift from Nemelex Xobeh
 18682 | Orc:2    | Found Okech's General Store.
 18747 | Orc:2    | Found Kihab's Book Boutique.
 18755 | Orc:2    | Bought a book of the Warp for 504 gold pieces
 18770 | Orc:2    | Received a gift from Nemelex Xobeh
 18856 | Orc:2    | Bought a runed scarf for 328 gold pieces
 18868 | Orc:2    | Reached ***** piety under Nemelex Xobeh
 19184 | D:12     | Noticed Kirke
 19195 | D:12     | Killed Kirke
 19367 | D:12     | Received a gift from Nemelex Xobeh
 19605 | D:12     | Identified the +0 trident of Jacuich {antimagic, *Slow rC+
                  | rN++}
 20296 | D:14     | Received a gift from Nemelex Xobeh
 20343 | D:14     | Reached skill level 15 in Ranged Weapons
 20370 | D:14     | Noticed Roxanne
 20417 | D:14     | Killed Roxanne
 20553 | D:14     | You fall into a shaft and drop 1 floor!
 20553 | D:15     | Entered Level 15 of the Dungeon
 20596 | D:15     | Reached skill level 1 in Shapeshifting
 20708 | D:15     | Reached skill level 5 in Shapeshifting
 21153 | D:15     | Found a staircase to the Depths.
 21572 | Swamp:1  | Entered Level 1 of the Swamp
 21572 | Swamp:1  | Received a gift from Nemelex Xobeh
 22098 | Swamp:1  | Found a runed translucent gate.
 22099 | Swamp:1  | Found a runed translucent gate.
 22099 | Swamp:1  | Noticed baljet's ghost (adept TrSh)
 22100 | Swamp:1  | Found a runed translucent gate.
 22211 | Swamp:1  | Received a gift from Nemelex Xobeh
 22232 | Swamp:1  | Reached XP level 16. HP: 72/87 MP: 23/23
 22251 | Swamp:1  | Reached skill level 10 in Shapeshifting
 22763 | Swamp:2  | Noticed a thorn hunter
 22774 | Swamp:2  | Killed a thorn hunter
 23114 | Swamp:2  | Killed from afar by a spriggan druid

Illustrated notes

Levels and vault maps discovered:
D:1:      dpeg_arrival_lava_altar, layout_basic
D:2:      layout_loops_ring, dreamdust_ecumenical_altar_hidden_monk_grotto
D:3:      layout_basic, uniq_crazy_yiuf_cottage
D:4:      layout_loops_ring, mainiacjoe_overflow_24_doors,
          mainiacjoe_overflow_catwalk, minmay_temple_entry_offerings,
          eino_small_chamber_without_monster, nicolae_shop_firing_range,
          uniq_ijyb
D:5:      layout_basic, minmay_ogre_servants, uniq_edmund, uniq_menkaure
D:6:      layout_cave_pools, bloody_makhleb, nicolae_overflow_hidden_temple,
          lemuel_crystal_altar, serial_gnoll_camp, gnoll_camp_mini_hut,
          gnoll_camp_mini_doghouse, gnoll_camp_medium_01, gnoll_camp_huts_basic,
          gnoll_camp_medium_02, gnoll_camp_mini_hut, uniq_jeremiah, uniq_pikel
D:7:      layout_cave_pods, mainiacjoe_overflow_large_starburst, kennysheep_nub,
          hangedman_feature_mirror
D:8:      layout_basic, grunt_tough_drop, uniq_erica
D:9:      minmay_the_grid_triangle_9x9_recursive_2
          [minmay_the_grid_triangle_9x9_prize_insulated,
          minmay_the_grid_triangle_9x9_stretched_checkered,
          minmay_the_grid_triangle_9x9_alien,
          minmay_the_grid_triangle_9x9_longest], layout_gridville,
          minmay_lair_entry_grove
D:10:     layout_basic, zin_academy, gammafunk_ghost_necromancy, enter_bailey_8,
          uniq_josephine
D:11:     layout_loops_ring, erik_orc_1, uniq_amaemon
D:12:     layout_basic, uniq_kirke
D:13:     layout_rooms
D:14:     layout_cave_pools, grunt_vaults_entry_fortified, uniq_roxanne
D:15:     hangedman_depths_entry_try_elsewhere_first, layout_basic,
          chequers_serial_rivers_micro_a, nzn_life_drinkers
Temple:   nicolae_temple_two_arcs
Lair:1:   layout_concentric_octagons, uniq_gastronok
Lair:2:   layout_cave_pods, hellmonk_spider_entry_not_the_bees,
          lemuel_fruit_fields, grunt_megastairs_2
Lair:3:   layout_long_grid, mainiacjoe_swamp_entry_angry_trees,
          dreamdust_wasp_nest
Lair:4:   layout_roguey, nicolae_slime_entry_field_trip, st_stairs_7,
          beast_lair_carwin_9, grunt_megastairs_3
Lair:5:   hangedman_lair_caniforms_friends, layout_regular_city,
          chequers_serial_rivers_marsh, pdpol_lair_neglected_garden,
          hangedman_lair_unloving_vines, uniq_urug
Swamp:1:  layout_basic_swamp, gammafunk_ghost_hydra_chop,
          evilmike_swamp_ruin_rubble_1
Swamp:2:  layout_basic_swamp, hangedman_swamp_cone, swamp_pool1
Slime:1:  layout_caves
Orc:1:    layout_diamond_mine, biasface_ghost_orc_armoury, serial_shops,
          shop_statue
Orc:2:    grunt_orc_gardens, layout_caves, grunt_orc_garden, grunt_orc_garden,
          grunt_orc_garden, grunt_orc_garden, serial_shops,
          nicolae_shop_pleasant_corner_grove

Skill      XL: |  1  2  3  4  5  6  7  8  9 10 11 12 13 14 15 16 |
---------------+-------------------------------------------------+-----
Stealth        | 6 7 10 12 | 12.0
Dodging        | 2 3 4 10 | 10.0
Fighting       | 2 9 11 | 11.1
Short Blades   | 3 9 10 11 | 11.9
Throwing       | 3 |  3.0
Ranged Weapons | 2 4 7 10 12 14 15 | 15.1
Invocations    | 7 8 |  8.1
Armour         | 8 9 |  9.0
Shapeshifting  | 9 12 | 12.1

Action                     |  1- 3 |  4- 6 |  7- 9 | 10-12 | 13-15 | 16-18 || total
---------------------------+-------+-------+-------+-------+-------+-------++-------
  Melee: Dagger            |   112 |    12 |       |       |       |       ||   124
         Rapier            |     1 |    62 |       |       |       |       ||    63
         Hand cannon       |       |       |       |     1 |       |       ||     1
         Pair of quick bla |       |       |       |   296 |  2175 |   305 ||  2776
   Fire: Hand cannon       |       |    59 |   234 |   430 |   441 |    32 ||  1196
  Throw: Dart              |     9 |     6 |       |       |       |       ||    15
 Invoke: Draw Destruction  |       |       |       |       |     2 |       ||     2
         Stack Five        |       |       |       |       |     1 |       ||     1
  Evoke: Wand              |       |       |       |     1 |       |       ||     1
    Use: Scroll            |       |     2 |    10 |     8 |    13 |     4 ||    37
         Potion            |       |       |     2 |     1 |     2 |     2 ||     7
   Stab: Sleeping          |     9 |     2 |       |     3 |    15 |       ||    29
         Distracted        |     1 |       |       |       |     5 |     1 ||     7
 Armour: Robe              |    21 |    23 |    25 |    23 |       |       ||    92
         Troll leather arm |       |       |       |     8 |       |       ||     8
         Fire dragon scale |       |       |       |    72 |   436 |    92 ||   600
  Dodge: Dodged            |    82 |    90 |    78 |   253 |   635 |   104 ||  1242
  Block: Other             |       |       |       |     7 |       |       ||     7
         Reflection        |       |       |       |     1 |       |       ||     1

Table legend: (Time is in decaauts)
 A = Elapsed time spent in this place.
 B = Non-inter-level travel time spent in this place.
 C = Inter-level travel time spent in this place.
 D = Time resting spent in this place.
 E = Time spent auto-exploring this place.
 F = Levels seen in this place.
 G = Mean time per level.
                   A        B        C        D        E       F      G
               +--------+--------+--------+--------+--------+-----+--------+
         Total |  16825 |  15762 |   1063 |   1764 |   9040 |  27 |  623.1 |
       Dungeon |   9537 |   8800 |    737 |    621 |   5572 |  15 |  635.8 |
        Temple |     39 |     29 |     10 |      0 |      0 |   1 |   39.0 |
          Lair |   4058 |   3846 |    212 |    375 |   2285 |   5 |  811.6 |
         Swamp |   1264 |   1250 |     14 |    367 |    453 |   2 |  632.0 |
    Slime Pits |      1 |      1 |      0 |      0 |      0 |   1 |    1.0 |
  Orcish Mines |   1459 |   1371 |     88 |    370 |    546 |   2 |  729.5 |
        Bailey |    464 |    464 |      0 |     29 |    183 |   1 |  464.0 |
               +--------+--------+--------+--------+--------+-----+--------+

Top non-repeatable levels by time:
   Orc:1: 998 daAuts
    D:11: 991 daAuts
     D:9: 957 daAuts
 Swamp:1: 924 daAuts
  Lair:3: 913 daAuts
     D:6: 905 daAuts
  Lair:5: 858 daAuts
  Lair:4: 814 daAuts
     D:4: 773 daAuts
  Lair:2: 750 daAuts
  Lair:1: 722 daAuts
     D:2: 675 daAuts
     D:8: 654 daAuts
     D:5: 642 daAuts
    D:10: 638 daAuts
